 Dungeon Crawl Stone Soup version 0.18-a0-1164-g7046a04 (webtiles) character file.

22703 M4edhros the Unseen (level 13, -8/83 HPs)
             Began as an Octopode Artificer on Jan 26, 2016.
             Was an Initiate of Gozag.
             Mangled by a jumping spider (20 damage)
             ... on level 3 of the Lair of Beasts.
             The game lasted 00:44:58 (18271 turns).

M4edhros the Unseen (Octopode Artificer)           Turns: 18271, Time: 00:44:58

Health: -8/83      AC:  4    Str: 10    XL:     13   Next: 2%
Magic:  29/29      EV: 10    Int: 25    God:    Gozag
Gold:   821        SH:  0    Dex: 13    Spells: 1 memorised, 16 levels left

rFire  x . .     SeeInvis +     a - +5 demon trident (vamp)
rCold  + . .     Gourm    .     (no shield)
rNeg   . . .     Faith    +     (helmet restricted)
rPois  +         Spirit   .     O - amulet of the Six Planets {Faith +Fly rPois MP+9 Int+6}
rElec  .         Dismiss  .     k - ring of see invisible
rCorr  +         Reflect  .     B - ring of ice
SustAt .         Harm     .     (no ring)
MR     +....                    P - ring of loudness
Stlth  +++++++...               Q - ring of protection from magic
                                R - ring of resist corrosion
                                S - +2 ring of protection
                                (no ring)

@: gold aura, held, somewhat resistant to hostile enchantments, extremely
stealthy
A: almost no armour, amphibious, 8 rings, constrict 8, rugged brown scales 1,
camouflage 1, gelatinous body 1
a: Potion Petition, Call Merchant, Bribe Branch, Renounce Religion, Evoke Flight


You were on level 3 of the Lair of Beasts.
You worshipped Gozag.
Gozag was noncommittal.
You were not hungry.

You visited 3 branches of the dungeon, and saw 15 of its levels.
You also visited: Ossuary and Ice Cave.

You collected 3669 gold pieces.
You paid 2848 gold pieces to Gozag.

Inventory:

Hand Weapons
 a - a +5 vampiric demon trident (weapon)
 h - a +3 dagger
 m - a +0 hunting sling
 q - a +1 dagger of chaos
 y - a +0 flail of protection
 C - a +4 quarterstaff of chaos
Missiles
 l - 321 stones (quivered)
Magical Staves
 T - an uncursed staff of conjuration {unknown}
Jewellery
 k - a ring of see invisible (left tentacle)
 p - an uncursed amulet of regeneration {unknown}
 x - a +3 amulet of reflection
 B - a ring of ice (right tentacle)
 F - an uncursed amulet of guardian spirit
 K - an uncursed ring of poison resistance {unknown}
 O - the amulet of the Six Planets (around mantle) {Faith +Fly rPois MP+9 Int+6}
   (You found it in an ice cave)

   [amulet of faith]

   It allows you to gain divine favour quickly.
   It affects your intelligence (+6).
   It protects you from poison.
   It affects your magic capacity (+9).
   It lets you fly.
 P - a ring of loudness (on tentacle)
 Q - a ring of protection from magic (on tentacle)
 R - a ring of resist corrosion (on tentacle)
 S - a +2 ring of protection (on tentacle)
Wands
 b - a wand of flame (0/48)
 c - a wand of enslavement (0/24)
 d - a wand of random effects (0/48)
 g - a wand of frost (22/48)
 j - a wand of polymorph (0/24)
 v - a wand of fireball (2/15)
 z - a wand of flame (0/48)
 D - a wand of teleportation (4/9)
 E - a wand of digging (4/24)
 G - a wand of confusion (2/48)
 I - a wand of lightning (0/15)
 M - a wand of teleportation (2/9)
 N - a wand of cold (3/15)
Scrolls
 e - 7 scrolls of recharging
 i - 4 scrolls of enchant armour
 o - 2 scrolls of fear
 t - a scroll of random uselessness {unknown}
 w - 6 scrolls of teleportation
 U - a scroll of torment {unknown}
 W - a scroll of magic mapping
Potions
 r - a potion of curing
 s - a potion of magic
 u - 4 potions of haste
 V - a potion of heal wounds
Books
 A - a book of the Dragon

   Spells                             Type                      Level
   a - Flame Tongue                   Conjuration/Fire             1
   b - Cause Fear                     Hexes                        4
   c - Bolt of Fire                   Conjuration/Fire             6
   d - Dragon Form                    Transmutation                7
   e - Dragon's Call                  Summoning                    9
 H - a book of Unlife

   Spells                             Type                      Level
   a - Recall                         Summoning/Translocation      3
   b - Animate Dead                   Necromancy                   4
   c - Control Undead                 Necromancy                   4
   d - Cigotuvi's Embrace             Necromancy                   5
   e - Death Channel                  Necromancy                   6
   f - Simulacrum                     Ice/Necromancy               6
 J - a Fen Folio

   Spells                             Type                      Level
   a - Corpse Rot                     Necromancy                   2
   b - Stone Arrow                    Conjuration/Earth            3
   c - Leda's Liquefaction            Hexes/Earth                  4
   d - Summon Forest                  Summoning/Translocation      5
   e - Hydra Form                     Transmutation                6
   f - Summon Hydra                   Summoning                    7
Comestibles
 f - 2 bread rations
 n - 11 fruits
 L - 3 beef jerkies


   Skills:
 + Level 4.4 Fighting
 - Level 1.0 Short Blades
 * Level 5.4 Polearms
 - Level 4.2 Slings
 * Level 11.8 Dodging
 * Level 15.5 Stealth
 + Level 3.7 Spellcasting
 + Level 5.7 Earth Magic
 + Level 9.7 Evocations


You had 16 spell levels left.
You knew the following spells:

 Your Spells              Type           Power        Failure   Level  Hunger
a - Stone Arrow           Conj/Erth      ###...       12%         3    ##.....


Dungeon Overview and Level Annotations

Branches:
Dungeon (11/15)            Temple (1/1) D:7            Lair (3/8) D:9
  Swamp (0/4) Lair:3       Spider (0/4) Lair:3
    Orc: D:9-12

Altars:
Ashenzari
Cheibriados
Elyvilon
Fedhas
Gozag
Kikubaaqudgha
Nemelex Xobeh
Okawaru
Pakellas
Qazlal
Ru
Sif Muna
Trog
Vehumet
Xom
Yredelemnul
Zin
The Shining One

Shops:
D:7 }   D:10 ?   Lair:1 [   Lair:2 }   Lair:3 =

Annotations:
D:5 st0uf's ghost, novice MiFi
D:8 nublet's ghost, novice CeIE
D:11 Finwe's ghost, journeyman GrGl


Innate Abilities, Weirdness & Mutations

You cannot wear most types of armour.
You are amphibious.
You can wear up to eight rings at the same time.
You can use your tentacles to constrict eight enemies at once.
Your skin changes colour to match your surroundings (Stealth).
Your rubbery body absorbs attacks (AC +1).
You are partially covered in rugged brown scales (AC +1, +3% HP).


Message History

You are caught in a web!
You are caught in a web!
You are caught in a web!
You disentangle yourself.
The jumping spider pounces on you but does no damage.
The jumping spider bites you but does no damage.
You barely miss the jumping spider. Your grab misses the jumping spider.
The jumping spider is moderately wounded.
The jumping spider pounces on you!
* * * LOW HITPOINT WARNING * * *
You are caught in a web!
The jumping spider bites you.
* * * LOW HITPOINT WARNING * * *
The jumping spider pounces on you.
* * * LOW HITPOINT WARNING * * *
You are even more entangled.
The jumping spider bites you!
* * * LOW HITPOINT WARNING * * *
You struggle to detach yourself from the web.
The jumping spider pounces on you!!
You die...
Your body crumbles into a pile of gold.

##........##
####.......##
.###........##
.............####
................#
...[...........##
...............##
.........#.#....###
......).####....@.#
.......# #...s.$#
....... ##......#
#.#. #.........
##....# ####.......
#.... ## #.........
##...# #.##
..........
#....##....
..........
...........


You could see a jumping spider.

Vanquished Creatures
  2 ice dragons (IceCv)
  2 hydras
  Nergalle (Lair:2)
  A hill giant (D:10)
  Pikel (D:6)
  A manticore (D:11)
  Maurice (D:9)
  5 elephants
  Psyche (D:9)
  A black mamba (Lair:2)
  6 spiny frogs
  2 ice statues (IceCv)
  A komodo dragon (Lair:2)
  The ghost of Situis the Destroyer, a novice TeCj (D:7)
  3 jumping spiders (Lair:3)
  A two-headed ogre (D:10)
  2 trolls (D:9)
  5 blink frogs (Lair:3)
  3 redbacks (Lair:3)
  Sigmund (D:5)
  A spriggan (D:7)
  A wyvern (Lair:2)
  Eustachio (D:6)
  A basilisk (Lair:3)
  8 yaks
  6 hippogriffs
  4 porcupines
  7 water moccasins
  15 ice beasts (IceCv)
  An eye of draining (D:10)
  4 orc warriors
  4 slaves
  2 phantoms
  3 ogres
  3 centaurs
  3 big kobolds
  5 crocodiles
  8 giant frogs
  5 elf zombies (Ossuary)
  Blork the orc (D:6)
  A scorpion (D:4)
  4 jellies
  6 killer bees (D:10)
  4 wights (D:8)
  2 electric eels
  4 crimson imps
  5 human zombies (Ossuary)
  3 centaur zombies
  A quasit (D:10)
  4 hounds
  2 centaur skeletons
  6 orc priests
  A gnoll shaman (D:7)
  5 iguanas
  Ijyb (D:2)
  A giant frog skeleton (D:5)
  Crazy Yiuf (D:6)
  3 orc wizards
  5 worker ants
  A killer bee zombie (D:5)
  7 sheep (Lair:1)
  2 hound zombies
  A hound skeleton (D:4)
  3 mummies (Ossuary)
  6 adders
  4 gnolls (D:8)
  14 river rats (Lair:1)
  4 shadow imps
  3 oozes
  An adder skeleton (D:4)
  5 worms
  6 giant geckos
  19 orcs
  2 ball pythons
  2 giant cockroaches
  9 hobgoblins
  3 jackals (D:2)
  21 kobolds
  7 quokkas
  7 bats
  A giant gecko zombie (D:8)
  A giant newt (D:4)
  4 goblins
  A jackal skeleton (D:6)
  6 rats
323 creatures vanquished.

Vanquished Creatures (collateral kills)
  An orc (D:5)
1 creature vanquished.

Vanquished Creatures (others)
  The ghost of Situis the Charmwright, an amateur HESk of Pakellas (Ossuary)
  An ice beast (D:6)
  A hound (D:6)
  A fungus (Lair:1)
  A plant (Lair:1)
5 creatures vanquished.

Grand Total: 329 creatures vanquished

Notes
Turn   | Place    | Note
--------------------------------------------------------------
     0 | D:1      | M4edhros the Octopode Artificer began the quest for the Orb.
     0 | D:1      | Reached XP level 1. HP: 13/13 MP: 3/3
   350 | D:2      | Noticed Ijyb
   353 | D:2      | Reached XP level 2. HP: 5/18 MP: 4/4
   497 | D:3      | Noticed a water elemental
   499 | D:3      | Found a stormy altar of Qazlal.
   707 | D:3      | Noticed an air elemental
   707 | D:3      | Noticed a fire elemental
   707 | D:3      | Noticed an earth elemental
   768 | D:3      | Reached XP level 3. HP: 23/23 MP: 5/5
   769 | D:3      | Reached XP level 4. HP: 28/28 MP: 6/6
   844 | D:3      | Reached skill level 4 in Stealth
   933 | D:5      | Entered Level 5 of the Dungeon
   947 | D:5      | Reached XP level 5. HP: 22/33 MP: 8/8
   991 | D:5      | Noticed Sigmund
  1038 | D:5      | Killed Sigmund
  1038 | D:5      | Reached skill level 5 in Stealth
  1038 | D:5      | Reached XP level 6. HP: 24/38 MP: 9/9
  1070 | D:5      | Noticed st0uf's ghost (novice MiFi)
  1211 | D:4      | Found a sand-covered staircase.
  1218 | Ossuary  | Entered an ossuary
  1218 | Ossuary  | Noticed Situis's ghost (amateur HESk)
  1246 | Ossuary  | Your ally Situis died
  1337 | Ossuary  | Reached skill level 6 in Stealth
  1396 | Ossuary  | Reached XP level 7. HP: 19/43 MP: 10/10
  1714 | Ossuary  | Reached skill level 5 in Dodging
  1714 | Ossuary  | Reached skill level 7 in Stealth
  1824 | Ossuary  | Reached skill level 5 in Evocations
  2577 | D:5      | Reached skill level 8 in Stealth
  2577 | D:5      | Reached XP level 8. HP: 23/48 MP: 12/12
  3263 | D:6      | Noticed Blork the orc
  3267 | D:6      | Killed Blork the orc
  3360 | D:6      | Noticed Pikel
  4017 | D:6      | Reached skill level 9 in Stealth
  4116 | D:6      | Killed Pikel
  4116 | D:6      | Reached skill level 10 in Stealth
  4116 | D:6      | Reached XP level 9. HP: 36/53 MP: 13/13
  4539 | D:6      | Noticed Eustachio
  4548 | D:6      | Killed Eustachio
  4660 | D:6      | Noticed Crazy Yiuf
  4667 | D:6      | Killed Crazy Yiuf
  4811 | D:7      | Found a staircase to the Ecumenical Temple.
  4852 | Temple   | Entered the Ecumenical Temple
  4902 | Temple   | Became a worshipper of Gozag Ym Sagoz the Greedy
  5581 | D:2      | Killed Ijyb
  6744 | D:4      | Reached skill level 11 in Stealth
  6755 | D:4      | Found a glowing golden altar of the Shining One.
  6755 | D:4      | Found a white marble altar of Elyvilon.
  7432 | D:7      | Found a shimmering altar of Xom.
  7434 | D:7      | Noticed Situis's ghost (novice TeCj)
  7471 | D:7      | Learned a level 3 spell: Stone Arrow
  7541 | D:7      | Killed Situis's ghost
  7627 | D:7      | Reached skill level 1 in Earth Magic
  7730 | D:7      | Found a deep blue altar of Sif Muna.
  7786 | D:7      | Reached skill level 1 in Slings
  7885 | D:8      | Noticed Erolcha
  7940 | D:8      | Found a stormy altar of Qazlal.
  8024 | D:8      | Noticed nublet's ghost (novice CeIE)
  8141 | D:8      | Noticed Erolcha
  8141 | D:8      | Erolcha changed into Erolcha the water moccasin
  8148 | D:8      | Killed Erolcha the water moccasin
  8301 | D:8      | Reached XP level 10. HP: 32/58 MP: 8/15
  8748 | D:9      | Found a staircase to the Lair.
  9002 | D:9      | Gained mutation: You are partially covered in rugged brown scales (AC +1, +3% HP). [potion of beneficial mutation]
  9012 | D:9      | Reached skill level 12 in Stealth
  9066 | D:9      | Noticed Maurice
  9073 | D:9      | Killed Maurice
  9202 | D:9      | Found a sacrificial altar of Ru.
  9809 | D:9      | Noticed Psyche
  9815 | D:9      | Killed Psyche
 10249 | D:10     | Entered Level 10 of the Dungeon
 10365 | D:10     | Reached skill level 13 in Stealth
 10599 | D:10     | Reached XP level 11. HP: 28/64 MP: 0/17
 10610 | D:10     | Reached skill level 10 in Dodging
 10748 | D:10     | Noticed a hill giant
 11021 | D:10     | Found Heetitt's Magic Scroll Shoppe.
 11088 | D:10     | Killed a hill giant
 11284 | D:11     | Noticed an iron golem
 11284 | D:11     | Noticed an iron golem
 11284 | D:11     | Noticed an iron golem
 11284 | D:11     | Noticed an iron golem
 11295 | D:11     | Noticed a cyclops
 11339 | D:11     | Noticed Finwe's ghost (journeyman GrGl)
 11647 | D:11     | Noticed a manticore
 11657 | D:11     | Killed a manticore
 11765 | Lair:1   | Entered Level 1 of the Lair of Beasts
 12127 | Lair:1   | Reached skill level 1 in Spellcasting
 12138 | Lair:1   | Reached skill level 14 in Stealth
 12753 | Lair:1   | Reached skill level 1 in Polearms
 13039 | Lair:1   | Noticed a five-headed hydra
 13051 | Lair:1   | Killed a five-headed hydra
 13076 | Lair:2   | Found a frozen archway.
 13086 | IceCv    | Entered an ice cave
 14841 | IceCv    | Noticed an ice dragon
 14844 | IceCv    | Noticed an ice dragon
 14871 | IceCv    | Killed an ice dragon
 14871 | IceCv    | Reached XP level 12. HP: 71/74 MP: 18/18
 14916 | IceCv    | Killed an ice dragon
 14963 | IceCv    | Got a steaming crystal amulet
 14987 | IceCv    | Identified the amulet of the Six Planets {Faith +Fly rPois MP+9 Int+6} (You found it in an ice cave)
 15048 | Lair:2   | Noticed Nergalle
 15074 | Lair:2   | Killed Nergalle
 15074 | Lair:2   | Reached skill level 5 in Earth Magic
 16441 | Lair:2   | Noticed a six-headed hydra
 16449 | Lair:2   | Killed a six-headed hydra
 16449 | Lair:2   | Reached skill level 15 in Stealth
 16993 | Lair:3   | Found a hole to the Spider Nest.
 17388 | Lair:3   | Found a staircase to the Swamp.
 17777 | Lair:3   | Reached skill level 5 in Polearms
 17948 | Lair:3   | HP: 1/76 [elephant (12)]
 18214 | Lair:3   | Reached XP level 13. HP: 61/82 MP: 20/20
 18271 | Lair:3   | Mangled by a jumping spider

Vault maps used:
D:1:      minmay_arrival_jagged
D:2:      uniq_iyjb
D:3:      nicolae_qazlal_style_of_elements
D:4:      kennysheep_six_static_rooms, gammafunk_temple_overflow_pools,
          lightli_sewer_entry_pipes, first_bread, enter_ossuary_1
D:5:      uniq_sigmund
D:6:      uniq_pikel, uniq_crazy_yiuf_cottage, uniq_eustachio,
          uniq_blork_the_orc
D:7:      old_standard_altar, tgw_sif, minmay_temple_entry_mist, the_bakery
D:8:      minitemple, basic_altar, uniq_erica, uniq_erolcha
D:9:      nicolae_ru_awakened_eye, lair_0_dummy, minmay_misc_feat_rows,
          uniq_maurice, uniq_psyche
D:10:     kennysheep_ambush_hall, serial_shops, shop_coins
D:11:     cheibrodos_stairvault_heist, serial_shops, shop_statue, uniq_fannar,
          uniq_urug
Temple:   chequers_temple_sunken_temple
Lair:1:   st_stairs_6, serial_bayou_shore_b
Lair:2:   portal_ice_cave_entry_pillars_02, nicolae_quartered_pool_super,
          serial_bayou_pond_b, uniq_nergalle
Lair:3:   swamp_mist_pool, nicolae_spider_entry_tight_spaces,
          grunt_megastairs_3, infiniplex_staircase_pool_2
Ossuary:  ossuary_minmay_four_chambers
IceCv:    ice_cave_small_dragons

Action                   |  1- 3 |  4- 6 |  7- 9 | 10-12 | 13-15 || total
-------------------------+-------+-------+-------+-------+-------++-------
Melee: Dagger            |    18 |    58 |   190 |   106 |       ||   372
       Short sword       |     5 |       |       |       |       ||     5
       Quarterstaff      |       |       |   144 |   138 |       ||   282
       Flail             |       |       |    11 |       |       ||    11
       Demon trident     |       |       |       |   581 |    17 ||   598
 Fire: Hunting sling     |       |       |       |     1 |       ||     1
Invok: Call Merchant     |       |       |       |     4 |       ||     4
Evoke: Wand              |       |    12 |    38 |    53 |       ||   103
  Use: Scroll            |       |     3 |     7 |    13 |       ||    23
       Potion            |       |     1 |     3 |    27 |       ||    31
 Stab: Sleeping          |     2 |     4 |    36 |    38 |       ||    80
       Confused          |       |       |     1 |     9 |       ||    10
       Distracted        |       |       |     2 |     8 |       ||    10
       Petrifying        |       |       |     1 |       |       ||     1
       Paralysed         |       |       |     1 |       |       ||     1
  Eat: Bread ration      |       |       |     2 |     6 |       ||     8
       Chunk             |       |       |     8 |       |       ||     8
       Meat ration       |       |       |     1 |     2 |       ||     3
       Beef jerky        |       |       |     1 |     1 |       ||     2
       Pizza             |       |       |     1 |       |       ||     1
